BSA
NIAGARA FALLS FRENZY @ NEW ORLEANS LOOTERS
07/30/2025
 
TOP OF THE 1ST
Niagara Falls Frenzy batting - Pitching for New Orleans Looters : RHP Gennarino Lucchetti
Pitching: RHP Gennarino Lucchetti
Batting: RHB Juan Carlos Rodríguez 0-0: Ball
1-0: Ball
2-0: Ball
3-0: Called Strike
3-1: Called Strike
3-2: SOLO HOME RUN (Flyball, 7LD), Distance : 350 ft
Batting: LHB Clyde Yarbrough 0-0: Ball
1-0: Ball
2-0: Swinging Strike
2-1: Ground out 2-3 (Groundball, 2L)
Batting: SHB Martín De Jesús 0-0: Swinging Strike
0-1: Ball
1-1: Fly out, F4 (Line Drive, 4)
Batting: RHB Lawrence Schroeder 0-0: Ball
1-0: Foul Ball, location: 2F
1-1: Foul Ball, location: 2F
1-2: Ball
2-2: SINGLE (Groundball, 4M)
Batting: LHB Jarred Jackson 0-0: Called Strike
0-1: Called Strike
0-2: Ball
1-2: Strikes out looking
Top of the 1st over - 1 run(s), 2 hit(s), 0 error(s), 1 left on base; Niagara Falls 1 - New Orleans 0
BOTTOM OF THE 1ST
New Orleans Looters batting - Pitching for Niagara Falls Frenzy : LHP Manuel Rodríguez
Pitching: LHP Manuel Rodríguez
Batting: LHB David Richardson 0-0: Foul Ball, location: 2F
0-1: Foul Ball, location: 2F
0-2: Ball
1-2: Ball
2-2: Ground out 4-3 (Groundball, 13)
Batting: RHB Dave O'Loan 0-0: Called Strike
0-1: Called Strike
0-2: DOUBLE (Flyball, 9LM)
Batting: LHB Luis Sánchez 0-0: Foul Ball, location: 2F
0-1: Ball
Wild Pitch!
Dave O'Loan to third
1-1: Foul Ball, location: 2F
1-2: Ball
2-2: Foul Ball, location: 2F
2-2: Strikes out swinging
Batting: RHB Stephen Shaw 0-0: Swinging Strike
0-1: Ball
1-1: Ball
2-1: Called Strike
2-2: Ball
3-2: Strikes out swinging
Bottom of the 1st over - 0 run(s), 1 hit(s), 0 error(s), 1 left on base; Niagara Falls 1 - New Orleans 0
TOP OF THE 2ND
Niagara Falls Frenzy batting - Pitching for New Orleans Looters : RHP Gennarino Lucchetti
Batting: RHB Ángel Hinojosa 0-0: Ball
1-0: Called Strike
1-1: Swinging Strike
1-2: Strikes out swinging
Batting: LHB Jesús Herrera 0-0: Ball
1-0: Ball
2-0: Foul Ball, location: 2F
2-1: Foul Ball, location: 2F
2-2: Strikes out looking
Batting: RHB Don Thomas 0-0: Ball
1-0: Called Strike
1-1: Ball
2-1: Swinging Strike
2-2: Foul Ball, location: 2F
2-2: Strikes out swinging
Top of the 2nd over - 0 run(s), 0 hit(s), 0 error(s), 0 left on base; Niagara Falls 1 - New Orleans 0
BOTTOM OF THE 2ND
New Orleans Looters batting - Pitching for Niagara Falls Frenzy : LHP Manuel Rodríguez
Batting: LHB Taylor Smith 0-0: Fly out, F2 (Popup, 2LF)
Batting: RHB Luis Alou 0-0: Foul Ball, location: 2F
0-1: Swinging Strike
0-2: Ball
1-2: Ball
2-2: Foul Ball, location: 2F
2-2: Hit by Pitch
Batting: RHB Gustavo Ortíz 0-0: Called Strike
0-1: Foul Ball, location: 2F
0-2: Foul Ball, location: 2F
0-2: Ball
1-2: Strikes out swinging
Batting: SHB Domingo Martínez 0-0: Ball
1-0: Ground out 5-3 (Groundball, 5)
Bottom of the 2nd over - 0 run(s), 0 hit(s), 0 error(s), 1 left on base; Niagara Falls 1 - New Orleans 0
TOP OF THE 3RD
Niagara Falls Frenzy batting - Pitching for New Orleans Looters : RHP Gennarino Lucchetti
Batting: RHB Gerald Burnett 0-0: Ball
1-0: Fly out, F8 (Flyball, 8LXD)
Batting: RHB Juan Carlos Rodríguez 0-0: Foul Ball, location: 2F
0-1: Called Strike
0-2: Ground out 6-3 (Groundball, 6)
Batting: LHB Clyde Yarbrough 0-0: Ball
1-0: Ball
2-0: Foul Ball, location: 2F
2-1: Foul Ball, location: 2F
2-2: Ball
3-2: Fly out, F6 (Popup, 6M)
Top of the 3rd over - 0 run(s), 0 hit(s), 0 error(s), 0 left on base; Niagara Falls 1 - New Orleans 0
BOTTOM OF THE 3RD
New Orleans Looters batting - Pitching for Niagara Falls Frenzy : LHP Manuel Rodríguez
Batting: RHB Dominic Turner 0-0: Ball
1-0: Called Strike
1-1: Ground out 6-3 (Groundball, 6)
Batting: LHB David Richardson 0-0: Ball
1-0: Ball
2-0: Called Strike
2-1: Foul Ball, location: 2F
2-2: Strikes out swinging
Batting: RHB Dave O'Loan 0-0: Foul Ball, location: 2F
0-1: Swinging Strike
0-2: Ball
1-2: DOUBLE (Line Drive, 7LM)
Batting: LHB Luis Sánchez 0-0: Ball
1-0: Ball
2-0: Swinging Strike
2-1: Foul Ball, location: 2F
2-2: Ball
3-2: Strikes out swinging
Bottom of the 3rd over - 0 run(s), 1 hit(s), 0 error(s), 1 left on base; Niagara Falls 1 - New Orleans 0
TOP OF THE 4TH
Niagara Falls Frenzy batting - Pitching for New Orleans Looters : RHP Gennarino Lucchetti
Batting: SHB Martín De Jesús 0-0: SOLO HOME RUN (Flyball, 9LD), Distance : 354 ft
Batting: RHB Lawrence Schroeder 0-0: Foul Ball, location: 2F
0-1: Swinging Strike
0-2: Strikes out swinging
Batting: LHB Jarred Jackson 0-0: Ball
1-0: Fly out, F7 (Flyball, 7M)
Batting: RHB Ángel Hinojosa 0-0: Ball
1-0: Ball
2-0: Called Strike
2-1: Called Strike
2-2: Strikes out looking
Top of the 4th over - 1 run(s), 1 hit(s), 0 error(s), 0 left on base; Niagara Falls 2 - New Orleans 0
BOTTOM OF THE 4TH
New Orleans Looters batting - Pitching for Niagara Falls Frenzy : LHP Manuel Rodríguez
Batting: RHB Stephen Shaw 0-0: Ball
1-0: Foul Ball, location: 2F
1-1: Ball
2-1: Ball
3-1: Ground out 5-3 (Groundball, 5S)
Batting: LHB Taylor Smith 0-0: Foul Ball, location: 2F
0-1: Foul Ball, location: 2F
0-2: Ground out U3 (Groundball, 3S)
Batting: RHB Luis Alou 0-0: Swinging Strike
0-1: Ball
1-1: Ball
2-1: SINGLE (Line Drive, 4M)
Batting: RHB Gustavo Ortíz 0-0: Ground out 4-3 (Groundball, 4)
Bottom of the 4th over - 0 run(s), 1 hit(s), 0 error(s), 1 left on base; Niagara Falls 2 - New Orleans 0
TOP OF THE 5TH
Niagara Falls Frenzy batting - Pitching for New Orleans Looters : RHP Gennarino Lucchetti
Batting: LHB Jesús Herrera 0-0: Foul Ball, location: 2F
0-1: Foul Ball, location: 2F
0-2: Foul Ball, location: 2F
0-2: Ball
1-2: Hit by Pitch
Batting: RHB Don Thomas 0-0: Swinging Strike
0-1: Foul Ball, location: 2F
0-2: 2-RUN HOME RUN (Flyball, 7D), Distance : 371 ft
Batting: RHB Gerald Burnett 0-0: Called Strike
0-1: Fly out, F9 (Flyball, 9D)
Batting: RHB Juan Carlos Rodríguez 0-0: Ground out 4-3 (Groundball, 4M)
Batting: LHB Clyde Yarbrough 0-0: Called Strike
0-1: Ball
1-1: Fly out, F6 (Popup, 56)
Top of the 5th over - 2 run(s), 1 hit(s), 0 error(s), 0 left on base; Niagara Falls 4 - New Orleans 0
BOTTOM OF THE 5TH
New Orleans Looters batting - Pitching for Niagara Falls Frenzy : LHP Manuel Rodríguez
Batting: SHB Domingo Martínez 0-0: Ball
1-0: Called Strike
1-1: Ball
2-1: Ball
3-1: Reached on error, E6 (Groundball, 56)
Batting: RHB Dominic Turner 0-0: Called Strike
0-1: Swinging Strike
0-2: Ball
1-2: Grounds into double play, U6-3 (Groundball, 6M)
Batting: LHB David Richardson 0-0: Foul Ball, location: 2F
0-1: Ground out 4-3 (Groundball, 4)
Bottom of the 5th over - 0 run(s), 0 hit(s), 1 error(s), 0 left on base; Niagara Falls 4 - New Orleans 0
TOP OF THE 6TH
Niagara Falls Frenzy batting - Pitching for New Orleans Looters : RHP Gennarino Lucchetti
Batting: SHB Martín De Jesús 0-0: Called Strike
0-1: Ball
1-1: Called Strike
1-2: Ball
2-2: Foul Ball, location: 2F
2-2: Strikes out swinging
Batting: RHB Lawrence Schroeder 0-0: Ball
1-0: SINGLE (Groundball, 6MD)
Batting: LHB Jarred Jackson 0-0: Foul Ball, location: 2F
0-1: Ball
1-1: Ball
2-1: Ball
3-1: 2-RUN HOME RUN (Flyball, 7D), Distance : 359 ft
Pitching: RHP Robbie Daniel
Batting: RHB Ángel Hinojosa 0-0: Called Strike
0-1: Called Strike
0-2: Strikes out swinging
Batting: LHB Jesús Herrera 0-0: Called Strike
0-1: Swinging Strike
0-2: Ball
1-2: Ball
2-2: Foul Ball, location: 2F
2-2: Strikes out looking
Top of the 6th over - 2 run(s), 2 hit(s), 0 error(s), 0 left on base; Niagara Falls 6 - New Orleans 0
BOTTOM OF THE 6TH
New Orleans Looters batting - Pitching for Niagara Falls Frenzy : LHP Manuel Rodríguez
Batting: RHB Dave O'Loan 0-0: Ball
1-0: Called Strike
1-1: Ground out 6-3 (Groundball, 6)
Batting: LHB Luis Sánchez 0-0: Ground out 4-3 (Groundball, 4)
Batting: RHB Stephen Shaw 0-0: Ball
1-0: Called Strike
1-1: SOLO HOME RUN (Flyball, 7LD), Distance : 352 ft
Batting: LHB Taylor Smith 0-0: SINGLE (Groundball, 4M)
Batting: RHB Luis Alou 0-0: Ball
1-0: Called Strike
1-1: Foul Ball, location: 2F
1-2: Ball
2-2: Ball
3-2: Ground out 4-3 (Groundball, 4)
Bottom of the 6th over - 1 run(s), 2 hit(s), 0 error(s), 1 left on base; Niagara Falls 6 - New Orleans 1
TOP OF THE 7TH
Niagara Falls Frenzy batting - Pitching for New Orleans Looters : RHP Robbie Daniel
Batting: RHB Don Thomas 0-0: Ball
1-0: Ball
2-0: Called Strike
2-1: Called Strike
2-2: SINGLE (Flyball, 9S)
Batting: RHB Gerald Burnett 0-0: Sac Bunt - play at second, runner OUT -> throw to first, DP!
Batting: RHB Juan Carlos Rodríguez 0-0: Called Strike
0-1: Swinging Strike
0-2: Foul Ball, location: 2F
0-2: Ball
1-2: Ball
2-2: Ball
3-2: Base on Balls
Batting: LHB Clyde Yarbrough 0-0: Ground out 4-3 (Groundball, 4)
Top of the 7th over - 0 run(s), 1 hit(s), 0 error(s), 1 left on base; Niagara Falls 6 - New Orleans 1
BOTTOM OF THE 7TH
New Orleans Looters batting - Pitching for Niagara Falls Frenzy : LHP Manuel Rodríguez
Batting: RHB Gustavo Ortíz 0-0: Swinging Strike
0-1: Foul Ball, location: 2F
0-2: Ball
1-2: SOLO HOME RUN (Flyball, 89XD), Distance : 406 ft
Batting: SHB Domingo Martínez 0-0: Ball
1-0: Foul Ball, location: 2F
1-1: Ball
2-1: Foul Ball, location: 2F
2-2: Foul Ball, location: 2F
2-2: DOUBLE (Line Drive, 5L)
Pitching: RHP Armando López
Batting: RHB Dominic Turner 0-0: Ball
1-0: Ball
2-0: Foul Ball, location: 2F
2-1: Swinging Strike
2-2: Ball
3-2: Strikes out swinging
Batting: LHB David Richardson 0-0: 2-RUN HOME RUN (Flyball, 8LXD), Distance : 439 ft
Batting: RHB Dave O'Loan 0-0: Ball
1-0: Called Strike
1-1: Ground out 5-3 (Groundball, 56)
Batting: LHB Luis Sánchez 0-0: Called Strike
0-1: Ball
1-1: Swinging Strike
1-2: Strikes out swinging
Bottom of the 7th over - 3 run(s), 3 hit(s), 0 error(s), 0 left on base; Niagara Falls 6 - New Orleans 4
TOP OF THE 8TH
Niagara Falls Frenzy batting - Pitching for New Orleans Looters : RHP Robbie Daniel
Batting: SHB Martín De Jesús 0-0: SOLO HOME RUN (Line Drive, 9D), Distance : 359 ft
Batting: RHB Lawrence Schroeder 0-0: Called Strike
0-1: Ground out 6-3 (Groundball, 6)
Pitching: RHP Keith Harper
Batting: LHB Jarred Jackson 0-0: Ball
1-0: Foul Ball, location: 2F
1-1: Ball
2-1: DOUBLE (Line Drive, 78D)
Batting: RHB Ángel Hinojosa 0-0: Intentional Walk
Batting: LHB Jesús Herrera 0-0: Ball
1-0: Foul Ball, location: 2F
1-1: Ball
2-1: Ball
3-1: Foul Ball, location: 2F
3-2: Base on Balls
Jarred Jackson to third
Ángel Hinojosa to second
Batting: RHB Don Thomas 0-0: Called Strike
0-1: Foul Ball, location: 2F
0-2: Ball
1-2: Ball
2-2: Strikes out swinging
Batting: RHB Gerald Burnett 0-0: Called Strike
0-1: Foul Ball, location: 2F
0-2: Foul Ball, location: 2F
0-2: Ball
1-2: Foul Ball, location: 2F
1-2: Ball
2-2: Strikes out swinging
Top of the 8th over - 1 run(s), 2 hit(s), 0 error(s), 3 left on base; Niagara Falls 7 - New Orleans 4
BOTTOM OF THE 8TH
New Orleans Looters batting - Pitching for Niagara Falls Frenzy : RHP Armando López
Batting: RHB Stephen Shaw 0-0: Called Strike
0-1: Ground out 6-3 (Groundball, 6)
Batting: LHB Taylor Smith 0-0: Ball
1-0: Ball
2-0: Ball
3-0: Base on Balls
Pitching: LHP Santiago Valentín
Batting: RHB Luis Alou 0-0: Called Strike
0-1: Called Strike
0-2: Ball
1-2: Foul Ball, location: 2F
1-2: Foul Ball, location: 2F
1-2: SINGLE (Line Drive, 7S)
Taylor Smith to second
Pitching: RHP Kimitada Takai
Batting: RHB Gustavo Ortíz 0-0: Foul Ball, location: 2F
0-1: Ball
1-1: Ball
2-1: Called Strike
2-2: Foul Ball, location: 2F
2-2: Ball
3-2: Foul Ball, location: 2F
3-2: Strikes out swinging
Pitching: LHP António Bueno
Batting: SHB Domingo Martínez 0-0: Ground out 4-3 (Groundball, 4)
Bottom of the 8th over - 0 run(s), 1 hit(s), 0 error(s), 2 left on base; Niagara Falls 7 - New Orleans 4
TOP OF THE 9TH
Niagara Falls Frenzy batting - Pitching for New Orleans Looters : RHP Keith Harper
Batting: RHB Juan Carlos Rodríguez 0-0: Ball
1-0: Ball
2-0: Ground out 5-3 (Groundball, 5S)
Batting: LHB Clyde Yarbrough 0-0: Called Strike
0-1: Foul Ball, location: 2F
0-2: Foul Ball, location: 2F
0-2: Ball
1-2: Ball
2-2: Fly out, F7 (Flyball, 7LM)
Batting: SHB Martín De Jesús 0-0: Called Strike
0-1: Ball
1-1: Foul Ball, location: 2F
1-2: Foul Ball, location: 2F
1-2: Ball
2-2: Ball
3-2: Base on Balls
Pitching: RHP Marty Bradford
Batting: RHB Lawrence Schroeder 0-0: Ball
1-0: Ball
Wild Pitch!
Martín De Jesús to second
2-0: Ball
3-0: Called Strike
3-1: Fly out, F8 (Flyball, 8RM)
Top of the 9th over - 0 run(s), 0 hit(s), 0 error(s), 1 left on base; Niagara Falls 7 - New Orleans 4
BOTTOM OF THE 9TH
New Orleans Looters batting - Pitching for Niagara Falls Frenzy : LHP António Bueno
Pitching: RHP Esteban Juárez
Batting: RHB Dominic Turner 0-0: Foul Ball, location: 2F
0-1: Foul Ball, location: 2F
0-2: Ball
1-2: Strikes out swinging
Batting: LHB David Richardson 0-0: Foul Ball, location: 2F
0-1: Ball
1-1: SOLO HOME RUN (Flyball, 9D), Distance : 380 ft
Batting: RHB Dave O'Loan 0-0: Ball
1-0: Foul Ball, location: 2F
1-1: Ball
2-1: Ball
3-1: Base on Balls
Batting: LHB Luis Sánchez 0-0: Ball
1-0: Foul Ball, location: 2F
1-1: Ball
2-1: Ball
3-1: Called Strike
3-2: DOUBLE (Flyball, 89M)
Dave O'Loan to third
Pinch Hitting: LHB Justino Salas 0-0: Ball
1-0: Ball
2-0: SINGLE (Groundball, 6MD)
Dave O'Loan scores
Luis Sánchez to third
Batting: LHB Taylor Smith 0-0: Ball
1-0: Grounds into double play, 4-6-3 (Groundball, 4)
Bottom of the 9th over - 2 run(s), 3 hit(s), 0 error(s), 1 left on base; Niagara Falls 7 - New Orleans 6
This league is powered by Out of the Park Baseball, the baseball management simulation game for PC, Mac and Linux
Tuesday, August 2nd, 2016 - OOTP Baseball 16.8 Build 38